← All builds
Suicide front / Armada / Economy first / OBSERVED BUILD

Mace bot assault

Armada Suicide front build order · Supreme Isthmus

An economy-first start rushes Mace out of the Bot Lab from around 2:02, well ahead of the role's norm, to push a stronger bot assault into the middle before shifting to the usual mixed army.

#rush #push · 110 distinct matches · 31 players · 3% of Armada Suicide front games · team won 53% of 112 · Recently observed

THE CATCH, AND WHAT COMES WITH IT
  • MaceT1 bot assault from 2:02 · 11% of role by thenFrom the Bot Lab. Only 11% of Suicide front games have it by then; others who build it get it around 2:11
  • MaceMace in 84%5% of all Suicide front games by then

Where those units first fight, in 112 games with kill data: in the middle 98%.

Those units destroy a typical 2,880 metal of enemy units by 15:00.

Then transitions into rocketeer (8% of army).

HOW TO PLAY IT

Key timing: Mace by 2:03

  1. Open single mex straight into Bot Lab by 0:44.
  2. Grab more mex and wind while lab keeps producing.
  3. Push Mace-led bot assault into middle ahead of schedule.
  4. Keep reinforcing with Mace, add Centurion for anti-swarm.
  5. Transition into usual Centurion/Blitz mix with T2 cons.

Phase by phase

TYPICAL OF ITS 110 GAMES · AGAINST STANDARD SUICIDE FRONT
  1. 1
  2. 2
  3. 3
  4. 4
PLAY THE OPENING

Follow the example game's first 6:00 step by step: what to build now, what comes next, and where it goes. At 1× it keeps pace with your own game.

  1. 1

    Up to the Bot Lab

    Economy
    • Metal Extractor2Mex
    Order
    1. Bot LabBot Lab after 2 mexdone ~0:42, middle half 0:26–0:58

    Some games also: Sentry (32%)

    By 0:25 in all: 2 mex

    The example game in this phase · 2 steps
    1. Mex ×2
    2. Bot LabBot Labdone 0:38 · typical 0:42
  2. 2

    Bot Lab to T1 bot assault

    Economy
    • Metal Extractor2Mex
    Order
    1. MaceT1 bot assault after 3 mex, 1 wind
    Builders
    • Construction Bot2 Con bot
    • Lazarus2 Lazarus
    Army
    • Sentry1 Sentry
    • Centurion1 Centurion

    Some games also: wind (43%) · Radar Tower (42%) · tick (36%)

    By 2:02 in all: 3 mex · 1 wind

    The example game in this phase · 20 steps
    1. Mex
    2. PawnPawn
    3. Wind
    4. PawnPawn
    5. Wind ×2
    6. Construction BotCon bot
    7. SentrySentry
    8. PawnPawn
    9. Mex
    10. PawnPawn
    11. SentrySentry
    12. PawnPawn
    13. Construction BotCon bot
    14. TickTick
    15. PawnPawn
    16. SentrySentry
    17. PawnPawn
    18. Construction BotCon bot
    19. SentrySentry
    20. MaceMacedone 2:43
  3. 3

    T1 bot assault to 5:00

    Economy
    • Metal Extractor2Mex
    • Wind Turbine5Wind+2 vs standard
    Builders
    • Construction Bot1 Con bot
    • Lazarus1 Lazarus
    Army
    • Sentry2 Sentry
    • Mace11 Mace +11 vs standard

    Some games also: Radar Tower (46%) · con turret (44%) · Beamer (42%)

    The standard build makes here, this one skips: 15 rocketeer

    By 5:00 in all: 5 mex · 6 wind (standard 4)

    The example game in this phase · 22 steps
    1. Radar TowerRadar Tower
    2. MaceMace
    3. Mex
    4. MaceMace ×3
    5. Wind
    6. MaceMace ×2
    7. Dragon's TeethDragon's Teeth ×2
    8. Wind
    9. MaceMace ×3
    10. Wind
    11. Construction BotCon bot
    12. Radar TowerRadar Tower
    13. TickTick
    14. Construction BotCon bot
    15. Wind
    16. MaceMace ×2
    17. Wind
    18. MaceMace
    19. GauntletGauntletdone 8:40
    20. MaceMace ×2
    21. Wind
    22. MaceMace
  4. 4

    5:00 to 10:00

    Economy
    • Metal Extractor1Mex
    • Wind Turbine15Wind
    Builders
    • Construction Turret2 Con turret
    • Lazarus3 Lazarus
    Army
    • Mace13 Mace +13 vs standard

    Some games also: con bot (38%) · Sentry (36%) · rocketeer (34%) · Radar Tower (33%) · Beamer (32%)

    The standard build makes here, this one skips: 8 rocketeer

    By 10:00 in all: 6 mex · 21 wind · 2 con turret

    The example game in this phase · 80 steps
    1. MaceMace
    2. Wind
    3. MaceMace ×3
    4. Wind
    5. TickTick
    6. MaceMace ×2
    7. Wind
    8. MaceMace ×4
    9. Converter
    10. MaceMace
    11. Converter
    12. MaceMace
    13. NettleNettle
    14. MaceMace
    15. Converter
    16. MaceMace
    17. TickTick
    18. MaceMace ×2
    19. Advanced Metal ExtractorT2 mexdone 9:35
    20. MaceMace
    21. Converter
    22. MaceMace ×3
    23. Dragon's TeethDragon's Teeth ×3
    24. MaceMace
    25. Dragon's TeethDragon's Teeth ×2
    26. MaceMace
    27. Dragon's TeethDragon's Teeth ×4
    28. MaceMace
    29. Dragon's TeethDragon's Teeth ×2
    30. TickTick
    31. LazarusLazarus
    32. Dragon's TeethDragon's Teeth ×3
    33. PawnPawn ×4
    34. Mex
    35. PawnPawn ×2
    36. Advanced Metal ExtractorT2 mex
    37. LazarusLazarus
    38. PawnPawn ×6
    39. LazarusLazarus
    40. PawnPawn
    41. Con turret
    42. PawnPawn
    43. Mex
    44. PawnPawn
    45. Con turret
    46. PawnPawn ×2
    47. Con turret
    48. Advanced Metal ExtractorT2 mex
    49. PawnPawn
    50. Con turret
    51. LazarusLazarus
    52. Con turret
    53. PawnPawn
    54. Con turret
    55. PawnPawn
    56. Con turret
    57. PawnPawn
    58. Advanced Metal ExtractorT2 mex
    59. PawnPawn ×2
    60. Con turret
    61. PawnPawn
    62. Construction BotCon bot
    63. Bot LabBot Labdone 13:01
    64. LazarusLazarus
    65. Construction BotCon bot
    66. PawnPawn
    67. Construction BotCon bot
    68. PawnPawn
    69. Construction BotCon bot
    70. PawnPawn
    71. Construction BotCon bot
    72. PawnPawn
    73. Construction BotCon bot
    74. PawnPawn ×3
    75. Wind
    76. PawnPawn
    77. LazarusLazarus
    78. PawnPawn ×3
    79. Wind
    80. PawnPawn ×2

Counts are medians over the build's games: half of them build more, half fewer. The example game is Hunfore's (32 OS, 30/09/2026); pick another.

Team trades

IN AT LEAST 30% OF ITS GAMES

You hand over

Nothing regular.

You get

  • Tidal Generator4 Tidal from Pondfirst at 0:11 · in 71% of games
  • Advanced Construction Bot1 T2 con bot from Tech or Geofirst at 8:24 · in 46% of games

How it plays out

Typical game of this build against the role’s standard build, running totals by minute

  • This build
  • Standard suicide front

Metal produced

010k20k
0:005:0010:0015:00

metal

Enemy metal destroyed

05k10k
0:005:0010:0015:00

metal

Own metal lost

05k10k
0:005:0010:0015:00

metal

112 games.

Show as table
ByMetal produced: This buildMetal produced: Standard suicide frontEnemy metal destroyed: This buildEnemy metal destroyed: Standard suicide frontOwn metal lost: This buildOwn metal lost: Standard suicide front
1:003112300000
2:0094488721000
3:0019162009278184141130
4:0029503109815644592501
5:0039704182150913501233999
6:00508153472180218320811707
7:00623065393735305433392589
8:00736777554606393844283499
9:00839390405296469250854371
10:009368104105796531258285156
11:0010644118886419585666995965
12:0012068135787110640176276685
13:0013554153967614687086877455
14:0014457173028062750389598213
15:0016395192578300811395828994
WHAT THE NUMBERS SAY

Won less often than the standard Suicide front build despite destroying more enemy metal.

  • + Destroys 10959 metal by 15:00 vs standard's 8295
  • + Mace committed by 2:03, far ahead of the 10% norm
  • − Own losses run higher, 11331 vs 9179 by 15:00
  • − Metal produced trails standard by 15:00, 18386 vs 20141
THE EXAMPLE YOU ARE READING

Hunfore

31.9 OS · 30/09/2026

Open source match ↗

5 received units · includes a constructor
88 metal received · 29406 energy received

Allied construction assistance is unknown. Timings are observations, not a promise of solo reproducibility.

Typical milestones

Bot Lab0:42Middle 50%: 0:26–0:58 · n=112
Advanced Metal Extractor10:25Middle 50%: 9:04–11:34 · n=68

Played most by

[crd]sisa49games of this buildChaoticNoob10games of this build[Fx]Doo8games of this buildHorlof5games of this buildDread294games of this build